 Dungeon Crawl Stone Soup version 0.21.1-1-g345015fe64 (webtiles) character file.

47 Revguard the Grave Robber (level 3, -5/24 HPs)
             Began as a Demonspawn Necromancer on June 13, 2018.
             Slain by Natasha (7 damage)
             ... on level 2 of the Dungeon.
             The game lasted 00:04:32 (1131 turns).

Revguard the Grave Robber (Demonspawn Necromancer)  Turns: 1131, Time: 00:04:33

Health: -5/24      AC:  2    Str:  8    XL:     3   Next: 48%
Magic:  2/7        EV: 12    Int: 16    God:
Gold:   63         SH:  0    Dex: 14    Spells: 2/7 levels left

rFire    . . .     SeeInvis .   (no weapon)
rCold    . . .     Gourm    .   (no shield)
rNeg     . . .     Faith    .   a - +0 robe
rPois    .         Spirit   .   (no helmet)
rElec    .         Reflect  .   (no cloak)
rCorr    .         Harm     .   (no gloves)
MR       .....                  (no boots)
Stlth    ++........             (no amulet)
HPRegen  0.08/turn              (no ring)
MPRegen  0.10/turn              (no ring)

@: very slightly contaminated, slowed, very slow
A: spiny 1
a: no special abilities


You were on level 2 of the Dungeon.
You were very hungry.

You visited 1 branch of the dungeon, and saw 2 of its levels.

You collected 63 gold pieces.

Inventory:

Armour
 a - a +0 robe (worn)
Scrolls
 f - a scroll of magic mapping {unknown}
 h - a scroll of amnesia {unknown}
Potions
 d - a potion of heal wounds {unknown}
 e - a potion of mutation {unknown}
 i - a potion of curing {unknown}
Books
 b - a book of Necromancy

   Spells                             Type                      Level
   a - Pain                           Necromancy                   1
   b - Animate Skeleton               Necromancy                   1
   c - Vampiric Draining              Necromancy                   3
   d - Regeneration                   Charms/Necromancy            3
   e - Animate Dead                   Necromancy                   4
   f - Borgnjor's Vile Clutch         Necromancy/Earth             5
Comestibles
 c - 2 rations


   Skills:
 + Level 2.1 Dodging
 + Level 1.8 Stealth
 * Level 2.8 Spellcasting
 + Level 5.0 Necromancy


You had 2 spell levels left.
You knew the following spells:

 Your Spells              Type           Power        Failure   Level  Hunger
a - Pain                  Necr           ###.         2%          1    #......
b - Animate Skeleton      Necr           N/A          2%          1    #......
c - Regeneration          Chrm/Necr      ##........   21%         3    ###....


Dungeon Overview and Level Annotations

Branches:
Dungeon (2/15)

Altars:

Annotations:
D:2 Natasha


Innate Abilities, Weirdness & Mutations

You are partially covered in sharp spines.


Message History

You don't have enough magic to cast that spell.
The crimson imp completely misses your kobold skeleton.
Your kobold skeleton closely misses the white imp.
Natasha mumbles some strange words.
You feel troubled.
The crimson imp hits your kobold skeleton.
Your kobold skeleton is destroyed!
The crimson imp spits at you.
Natasha casts a spell.
The hobgoblin is struck by your spines. The hobgoblin hits you with a club.
* * * LOW HITPOINT WARNING * * *
The hobgoblin barely misses you.
You are feeling very hungry.
Natasha closely misses you.
There is an open door here.
The white imp disappears in a puff of smoke!
The hobgoblin is struck by your spines.
You kill the hobgoblin!
Natasha is struck by your spines. Natasha claws you!
You die...

... ######'#
#......# #......##
#....l... #####....
###### #....
######....#####....
#<@h.l55..'ยง(()....
######....###......
#....# #......
#....# #...##.
#....# #...# .
#....# #...# .
#....# #...# #
###### #...#


You could see Natasha, a crimson imp, a shadow imp and a frilled lizard.

Vanquished Creatures
  Natasha (D:2)
  2 dart slugs (D:1)
  3 bats (D:1)
  A giant cockroach (D:1)
  A goblin (D:1)
  4 hobgoblins
  2 kobolds
  2 frilled lizards (D:1)
  A rat (D:1)
17 creatures vanquished.

Vanquished Creatures (collateral kills)
  A giant cockroach (D:1)
  A hobgoblin (D:1)
2 creatures vanquished.

Grand Total: 19 creatures vanquished

Notes
Turn   | Place    | Note
-------+----------+-------------------------------------------
     0 | D:1      | Revguard the Demonspawn Necromancer began the quest for the Orb.
     0 | D:1      | Reached XP level 1. HP: 13/13 MP: 3/3
    11 | D:1      | Learned a level 1 spell: Animate Skeleton
   409 | D:1      | Gained mutation: You are partially covered in sharp spines. [demonic ancestry]
   409 | D:1      | Reached XP level 2. HP: 16/19 MP: 0/5
  1059 | D:2      | Noticed Natasha
  1066 | D:2      | Noticed a crimson imp
  1066 | D:2      | Killed Natasha
  1066 | D:2      | Reached skill level 5 in Necromancy
  1066 | D:2      | Reached XP level 3. HP: 21/24 MP: 2/7
  1077 | D:2      | Learned a level 3 spell: Regeneration
  1111 | D:2      | Noticed Natasha
  1125 | D:2      | HP: 1/24 [hobgoblin/club (2)]
  1131 | D:2      | Slain by Natasha

Skill      XL: |  1  2 |
---------------+-------+-----
Dodging        | 2 |  2.1
Necromancy     | 5 |  5.0
Stealth        | |  1.8
Spellcasting   | |  2.8

Action                   || total
-------------------------++-------
Melee: Unarmed           ||     7
 Cast: Pain              ||    24
       Animate Skeleton  ||     5
 Stab: Sleeping          ||     1
Armor: Robe              ||     6
Dodge: Dodged            ||    17
